 Dungeon Crawl Stone Soup version 0.28.0-43-g3370ac3207 (webtiles) character file.

Game seed: 17666341225438110345

3080 pkoi the Destroyer (level 9, -1/62 HPs)
             Began as a Purple Draconian Conjurer on Mar 2, 2022.
             Slain by a yak (10 damage)
             ... on level 5 of the Dungeon.
             The game lasted 00:13:27 (10340 turns).

pkoi the Destroyer (Purple Draconian Conjurer)     Turns: 10340, Time: 00:13:27

Health: -1/62      AC: 12    Str: 11    XL:     9   Next: 58%
Magic:  0/18       EV: 12    Int: 22    God:
Gold:   173        SH:  0    Dex: 15    Spells: 6/20 levels left

rFire   . . .      SeeInvis .   x - +2 trident (venom)
rCold   . . .      Faith    .   (no shield)
rNeg    . . .      Spirit   .   (armour unavailable)
rPois   .          Reflect  .   (helmet restricted)
rElec   .          Harm     .   a - +2 cloak
rCorr   .          Rampage  .   q - +0 pair of gloves
Will    +....                   b - +0 pair of boots
Stlth   ++........              (no amulet)
HPRegen 0.20/turn               i - +6 ring of dexterity
MPRegen 0.16/turn               f - ring of flight

@: flying
A: breathe power, AC +7, unfitting armour, cold-blooded
a: Breathe Dispelling Energy


You were on level 5 of the Dungeon.
You visited 2 branches of the dungeon, and saw 8 of its levels.

You collected 173 gold pieces.

Inventory:

Hand Weapons
 d - a +0 dagger
 x - a +2 trident of venom (weapon)
Missiles
 h - 3 curare-tipped darts
Armour
 a - a +2 cloak (worn)
 b - a +0 pair of boots (worn)
 q - a +0 pair of gloves (worn)
Jewellery
 e - a ring of wizardry
 f - a ring of flight (right hand)
 i - a +6 ring of dexterity (left hand)
 y - an amulet of regeneration
Wands
 n - a wand of flame (14)
 p - a wand of polymorph (11)
 u - a wand of paralysis (3)
Scrolls
 l - 5 scrolls of teleportation
 o - 5 scrolls of identify
 r - a scroll of summoning
Potions
 c - 2 potions of curing {unknown}
 g - 4 potions of heal wounds {unknown}
 j - a potion of magic {unknown}
 k - 2 potions of berserk rage {unknown}
 m - a potion of ambrosia {unknown}
 z - a potion of attraction {unknown}


   Skills:
 - Level 1.7 Dodging
 - Level 1.7 Stealth
 - Level 6.0 Spellcasting
 * Level 9.4 Conjurations
 * Level 7.7 Hexes
 * Level 5.6 Translocations


You had 6 spell levels left.
You knew the following spells:

 Your Spells              Type           Power      Damage    Failure   Level
a - Magic Dart            Conj           100%       1d8       1%          1
b - Searing Ray           Conj           96%        2d7       1%          2
c - Dazzling Flash        Conj/Hex       88%        N/A       1%          3
d - Fulminant Prism       Conj/Hex       22%        3d13      2%          4
e - Iskenderun's Mystic   Conj/Tloc      39%        2d9       4%          4

Your spell library contained the following spells:

 Spells                   Type           Power      Damage    Failure   Level
 Apportation              Tloc           62%        N/A       1%          1
 Gell's Gravitas          Tloc           31%        N/A       2%          3
 Lesser Beckoning         Tloc           31%        N/A       2%          3
 Teleport Other           Tloc           31%        N/A       2%          3
 Animate Skeleton         Necr           12%        N/A       9%          1
 Summon Small Mammal      Summ           24%        N/A       9%          1
 Leda's Liquefaction      Hex/Erth       11%        N/A       19%         4
 Dispersal                Tloc           15%        N/A       80%         6
 Lee's Rapid Deconstruct  Erth           3%         3d6*      94%         5
 Statue Form              Tmut/Erth      4%         N/A       100%        6


Dungeon Overview and Level Annotations

Branches:
Dungeon (7/15)             Temple (1/1) D:4

Altars:
Ashenzari
Cheibriados
Dithmenos
Elyvilon
Fedhas
Gozag
Hepliaklqana
Kikubaaqudgha
Makhleb
Okawaru
Qazlal
Ru
Trog
Uskayaw
Vehumet
Wu Jian
Xom
Yredelemnul
Zin
The Shining One

Shops:
D:1 [   D:2 *

Annotations:
D:5 4 runed translucent doors
D:7 Harold


Innate Abilities, Weirdness & Mutations

You can breathe bolts of dispelling energy.
Your rich purple scales are hard. (AC +7)
You cannot fit into any form of body armour.
You are cold-blooded and may be slowed by cold attacks.


Message History

The searing ray hits the yak!
The yak is heavily wounded.
The searing ray hits the yak.
The yak is severely wounded.
The yak gores you!
* * * LOW HITPOINT WARNING * * *
The searing ray hits the yak!
The yak is severely wounded.
The searing ray hits the yak.
The yak is severely wounded.
The yak gores you!
* * * LOW HITPOINT WARNING * * *
Unknown command.
Unknown command.
The searing ray hits the yak.
The yak is severely wounded.
The searing ray hits the yak.
The yak is almost dead.
You finish channelling your searing ray.
The yak gores you but does no damage.
Unknown command.
There is a stone staircase leading up here.
The yak gores you.
* * * LOW HITPOINT WARNING * * *
You fly upwards.
Level annotation: 4 runed translucent doors
There is a stone staircase leading down here.
Casting: Searing Ray (safe; 1% risk of failure)
Confirm with . or Enter, or press ? or * to list all spells.
Okay, then.
Unknown command.
Casting: Searing Ray (safe; 1% risk of failure)
Confirm with . or Enter, or press ? or * to list all spells.
You erupt in a blast of force!
The mystic blast hits the yak.
The yak is almost dead.
The yak is knocked back by the mystic blast.
The yak slams into the rock wall!
The yak is almost dead.
The yak gores you!
You die...

##################
#................#
###.##############.#
#...@Y#.....######.#
#.##......#.....##.#
#.....#.........##.#
####......#......#.##
#.##.#....>.......
#####.##...#......#.##
#............#..###.#
#.####.#........# #.#
#.# #.....#.#..# #.#


You could see a yak.

Vanquished Creatures
  Maggie (D:7)
  Prince Ribbit (D:7)
  Sigmund (D:2)
  3 yaks (D:6)
  An ice beast (D:6)
  3 black bears
  5 ogres
  A centaur (D:5)
  A kobold brigand (D:5)
  2 bullfrogs
  A wyvern skeleton (D:7)
  A water moccasin skeleton (D:5)
  2 howler monkeys (D:7)
  2 centaur zombies (D:5)
  5 hounds
  2 jellies
  An orc priest (D:7)
  3 bullfrog skeletons
  3 centaur skeletons
  An iguana (D:6)
  2 orc wizards
  3 hound skeletons
  Robin (D:1)
  7 gnolls
  A howler monkey skeleton (D:7)
  3 adders
  A shadow imp (D:6)
  An ufetubus (D:5)
  3 worms
  A dart slug (D:4)
  10 orcs
  9 endoplasms
  4 giant cockroaches
  12 goblins
  8 hobgoblins
  8 kobolds
  3 quokkas
  6 ball pythons
  5 bats
  A frilled lizard (D:3)
  6 rats
135 creatures vanquished.

Vanquished Creatures (others)
  A quokka (D:4)
  4 fulminant prisms
5 creatures vanquished.

Grand Total: 140 creatures vanquished

Notes
Turn   | Place    | Note
-------+----------+-------------------------------------------
     0 | D:1      | pkoi the Draconian Conjurer began the quest for the Orb.
     0 | D:1      | Reached XP level 1. HP: 14/14 MP: 3/3
   133 | D:1      | Found Lagufim's Antique Armour Shop.
   303 | D:1      | Reached XP level 2. HP: 20/20 MP: 1/5
   799 | D:2      | Learned a level 2 spell: Searing Ray
   942 | D:2      | Reached skill level 5 in Conjurations
   942 | D:2      | Reached XP level 3. HP: 26/26 MP: 2/6
  1104 | D:2      | Found Ivirph's General Store.
  1213 | D:2      | Found a faded altar of an unknown god.
  1815 | D:2      | Noticed Robin
  2388 | D:2      | Reached XP level 4. HP: 33/33 MP: 3/7
  2649 | D:2      | Noticed Sigmund
  2749 | D:1      | Killed Robin
  3181 | D:3      | Reached skill level 6 in Conjurations
  3606 | D:3      | Learned a level 3 spell: Dazzling Flash
  4802 | D:4      | Reached XP level 5. HP: 38/38 MP: 3/8
  4813 | D:4      | Reached skill level 1 in Hexes
  5330 | D:4      | Found a white marble altar of Elyvilon.
  5686 | D:4      | Reached XP level 6. HP: 42/45 MP: 2/9
  5748 | D:4      | Learned a level 4 spell: Fulminant Prism
  6258 | D:4      | Found a staircase to the Ecumenical Temple.
  6268 | D:4      | Reached skill level 7 in Conjurations
  6278 | Temple   | Entered the Ecumenical Temple
  6686 | D:4      | Found an opulent altar of Gozag.
  6687 | D:4      | Found a burning altar of Makhleb.
  6783 | D:5      | Entered Level 5 of the Dungeon
  6863 | D:5      | Your scales start taking on a rich purple colour.
  6863 | D:5      | Reached XP level 7. HP: 49/50 MP: 4/12
  7121 | D:5      | Learned a level 4 spell: Iskenderun's Mystic Blast
  7247 | D:5      | You are sucked into a shaft and drop 2 floors!
  7505 | D:7      | Noticed Prince Ribbit
  7525 | D:7      | Killed Prince Ribbit
  7526 | D:7      | Reached skill level 5 in Hexes
  7526 | D:7      | Reached skill level 1 in Translocations
  7612 | D:7      | Reached XP level 8. HP: 57/57 MP: 9/14
  7647 | D:7      | Noticed Maggie
  7648 | D:7      | Noticed Harold
  7844 | D:7      | Found a blossoming altar of Fedhas.
  7882 | D:7      | Killed Maggie
  7883 | D:7      | Reached skill level 8 in Conjurations
  8291 | D:6      | Reached skill level 5 in Spellcasting
  9100 | D:5      | Reached XP level 9. HP: 62/62 MP: 2/16
  9210 | D:5      | Found a large runed translucent door.
  9217 | D:5      | Found a large runed translucent door.
  9226 | D:5      | Noticed a two-headed ogre
  9336 | D:5      | Found a large runed translucent door.
  9336 | D:5      | Found a large runed translucent door.
  9393 | D:5      | Reached skill level 9 in Conjurations
 10020 | D:2      | Killed Sigmund
 10021 | D:2      | Reached skill level 5 in Translocations
 10340 | D:5      | Slain by a yak

Illustrated notes

Levels and vault maps discovered:
D:1:      onia_arrival_mini_spirals, layout_rooms, serial_shops, shop_statue
D:2:      layout_rooms, chequers_ecumenical_altar_lobes, serial_shops,
          nicolae_shop_hallway_plus, chequers_serial_rivers_large_a,
          uniq_sigmund, uniq_robin
D:3:      layout_basic, minmay_door_square, minmay_misc_feat_diagonals,
          kennysheep_pointless_box, nrook_mini_vaults, amcnicky_mini_pool_small,
          hangedman_decor_push
D:4:      layout_cave_pools, elyvilon_altar_4, gammafunk_temple_overflow_pools,
          minmay_temple_entry_glass, grunt_ministairs_6,
          small_statue_intersection
D:5:      layout_basic, st_stairs_4, minmay_hollow_rounded_squares
D:6:      layout_loops_cross, tgw_sif, skrybe_limestone_x, minmay_starry_boxes
D:7:      layout_loops_cross, mainiacjoe_overflow_concentric_impassable,
          uniq_prince_ribbit1, uniq_maggie, uniq_harold
Temple:   eino_temple_rhombus

Skill      XL: |  1  2  3  4  5  6  7  8  9 |
---------------+----------------------------+-----
Conjurations   | 5 6 7 8 9 |  9.4
Hexes          | 2 3 5 6 7 |  7.7
Spellcasting   | 3 4 5 6 |  6.0
Translocations | 2 4 5 |  5.6
Dodging        | |  1.7
Stealth        | |  1.7

Action                   |  1- 3 |  4- 6 |  7- 9 || total
-------------------------+-------+-------+-------++-------
Melee: Dagger            |    15 |     4 |       ||    19
       Tailslap          |     1 |     2 |     6 ||     9
       Trident           |       |     3 |    62 ||    65
 Cast: Magic Dart        |    78 |   139 |    62 ||   279
       Searing Ray       |     1 |     1 |    16 ||    18
       Iskenderun's Myst |       |       |     8 ||     8
       Fulminant Prism   |       |       |     4 ||     4
 Abil: Breathe Dispellin |       |       |     1 ||     1
  Use: Scroll            |     2 |       |     8 ||    10
 Stab: Sleeping          |       |       |     2 ||     2
Armor: Skin              |    17 |    18 |    78 ||   113
Dodge: Dodged            |    20 |    26 |    86 ||   132
